 Dungeon Crawl Stone Soup version 0.30.0-30-g96aa6591b8 (webtiles) character file.

Game seed: 12127584804607255436

462 tizbic2 the Trooper (level 7, 0/70 HPs)
             Began as an Ogre Artificer on June 27, 2023.
             Was an Initiate of Makhleb.
             Slain by a phantom (5 damage)
             ... on level 4 of the Dungeon.
             The game lasted 00:16:43 (4924 turns).

tizbic2 the Trooper (Ogre Artificer)                Turns: 4924, Time: 00:16:44

Health: 0/70       AC:  3    Str: 17    XL:     7   Next: 7%
Magic:  20/20      EV: 10    Int: 12    God:    Makhleb [......]
Gold:   167        SH:  0    Dex:  9    Spells: 11/11 levels left

rFire   . . .        v - +1 short sword (elec)
rCold   . . .        (no shield)
rNeg    . . .        s - +0 robe
rPois   .            (helmet restricted)
rElec   .            (no cloak)
rCorr   .            (gloves unavailable)
SInv    .            (boots unavailable)
Will    .....        (no amulet)
Stlth   +            j - ring of magical power
HPRegen 0.31/turn    (no ring)
MPRegen 0.17/turn

%: no passive effects
@: mighty
A: large, unfitting armour, tough skin 1, weak 1, inability to drink after
injury 1, inability to read after injury 1
a: Renounce Religion


You were on level 4 of the Dungeon.
You worshipped Makhleb.
Makhleb was noncommittal.
You visited 2 branches of the dungeon, and saw 5 of its levels.
You also visited: Sewer.

You collected 167 gold pieces.

Inventory:

Hand Weapons
 k - a +1 dagger of venom
 v - a +1 short sword of electrocution (weapon)
 z - a +0 giant spiked club
Missiles
 q - 2 boomerangs (quivered)
Armour
 s - a +0 robe (worn)
Jewellery
 j - a ring of magical power (left hand)
 m - a ring of fire
Wands
 c - a wand of flame (9)
 d - a wand of charming (15)
 e - a wand of iceblast (5)
Scrolls
 b - a scroll of noise {unknown}
 f - 2 scrolls of enchant armour {unknown}
 h - a scroll of amnesia
 i - 2 scrolls of identify
 l - a scroll of teleportation {unknown}
 n - a scroll of magic mapping {unknown}
 r - a scroll of immolation {unknown}
 w - a scroll of fear {unknown}
 y - a scroll of silence {unknown}
 A - a scroll of blinking
Potions
 a - 2 potions of might
 g - a potion of brilliance
 o - a potion of curing
 u - 3 potions of haste
 x - a potion of attraction


   Skills:
 + Level 4.0 Fighting
 * Level 0.8(2.2) Maces & Flails
 - Level 3.6(3.7) Staves
 + Level 3.3 Dodging
 - Level 0.6 Stealth
 - Level 2.6 Spellcasting
 * Level 1.0 Invocations
 - Level 3.3 Evocations


You had 11 spell levels left.
You didn't know any spells.
Your spell library contained the following spells:

 Spells                   Type           Power      Damage    Failure   Level
 Sublimation of Blood     Necr           1%         N/A       36%         2
 Petrify                  Tmut/Erth      1%         N/A       94%         4
 Irradiate                Conj/Tmut      0%         3d11      100%        5


Dungeon Overview and Level Annotations

Branches:
Dungeon (4/15)             Temple (1/1) D:4           Sewer (visited)

Altars:
Cheibriados
Dithmenos
Elyvilon
Hepliaklqana
Makhleb
Okawaru
Ru
Sif Muna
Vehumet
Yredelemnul

Shops:
D:1 !


Innate Abilities, Weirdness & Mutations

You are too large for most types of armour.
You have tough skin. (AC +1)
You are weak. (Str -2)
You occasionally lose the ability to drink potions when taking damage.
You occasionally lose the ability to read scrolls when taking damage.


Message History

It was a potion of curing.
You feel better.
The quokka bites you but does no damage.
The phantom hits you.
* * * LOW HITPOINT WARNING * * *
The phantom blinks!
You blink.
It was a potion of attraction.
You feel attractive to monsters.
The phantom hits you but does no damage.
The quokka is attracted toward you.
It was a potion of cancellation.
Your magical effects are unravelling.
You feel magically purged.
You feel yourself slow down. The quokka closely misses you.
You feel less attractive to monsters.
You feel much better. The phantom hits you. The quokka barely misses you.
You closely miss the quokka. The phantom hits you!
* * * LOW HITPOINT WARNING * * *
The quokka bites you.
* * * LOW HITPOINT WARNING * * *
The phantom hits you.
* * * LOW HITPOINT WARNING * * *
The quokka barely misses you.
You closely miss the phantom.
The quokka bites you but does no damage.
The phantom hits you but does no damage.
The quokka bites you.
* * * LOW HITPOINT WARNING * * *
The phantom hits you but does no damage.
Unknown command.
You feel very mighty all of a sudden. The quokka closely misses you.
The phantom barely misses you.
You closely miss the quokka. The quokka bites you.
* * * LOW HITPOINT WARNING * * *
The phantom hits you but does no damage.
The quokka bites you.
* * * LOW HITPOINT WARNING * * *
You hear the crackle of electricity.
v - a +1 short sword of electrocution (weapon)
The phantom hits you.
You die...

..##......##.....
#.##.#).###.W...#
..##.....# .....#
......##.##.....#
.....###........#
.~~..# #>...###.#
~..~.# #.W.## #.#
~..~~~##..#####W#####
.~..~~~#.......r@...#
.~...~~###..........#
..~..~~###..........#
..~..~~#.†..........#
#########.#### #..#
##.# .# #


You could see a phantom and a quokka.

Vanquished Creatures
  An ogre (D:4)
  A bullfrog (D:4)
  An iguana (D:4)
  11 adders
  7 river rats
  2 worms (D:3)
  2 dart slugs
  2 orcs (D:4)
  4 endoplasms
  4 giant cockroaches
  8 goblins
  5 hobgoblins
  8 jackals
  A quokka (D:2)
  19 ball pythons
  4 bats
  6 frilled lizards
  22 kobolds
  19 rats
127 creatures vanquished.

Notes
Turn   | Place    | Note
-------+----------+-------------------------------------------
     0 | D:1      | tizbic2 the Ogre Artificer began the quest for the Orb.
     0 | D:1      | Reached XP level 1. HP: 19/19 MP: 1/1
   336 | D:1      | Reached XP level 2. HP: 27/27 MP: 2/2
   380 | D:1      | Reached skill level 1 in Staves
   510 | D:1      | Found Tetwu's Distillery.
   650 | D:1      | Found a faded altar of an unknown god.
  1061 | D:2      | Reached skill level 1 in Spellcasting
  1091 | D:2      | Reached XP level 3. HP: 5/35 MP: 4/4
  1286 | D:2      | Reached skill level 2 in Fighting
  1705 | D:2      | Reached XP level 4. HP: 44/44 MP: 6/6
  2586 | D:3      | Reached XP level 5. HP: 45/52 MP: 7/7
  2639 | D:3      | Found a glowing drain.
  2643 | Sewer    | Entered a sewer
  2850 | Sewer    | Reached skill level 3 in Fighting
  2995 | Sewer    | Gained mutation: You occasionally lose the ability to read
                  | scrolls when taking damage. [potion of mutation]
  2995 | Sewer    | Gained mutation: You are weak. (Str -2) [potion of
                  | mutation]
  2995 | Sewer    | Gained mutation: You occasionally lose the ability to drink
                  | potions when taking damage. [potion of mutation]
  3259 | Sewer    | Reached XP level 6. HP: 34/61 MP: 9/9
  4625 | D:4      | Found a staircase to the Ecumenical Temple.
  4635 | Temple   | Entered the Ecumenical Temple
  4790 | Temple   | Became a worshipper of Makhleb the Destroyer
  4913 | D:4      | Reached skill level 4 in Fighting
  4913 | D:4      | Reached skill level 1 in Invocations
  4913 | D:4      | Reached XP level 7. HP: 16/70 MP: 11/11
  4914 | D:4      | HP: 1/70 [phantom (7)]
  4924 | D:4      | Slain by a phantom

Illustrated notes

Levels and vault maps discovered:
D:1:      lemuel_arrival_river_ford, layout_loops_ring, serial_shops,
          nicolae_shop_back_alley_shop, hellmonk_ecumenical_altar_slurped_away
D:2:      layout_loops_ring
D:3:      layout_loops_ring, gup_sewer_entry_spiral
D:4:      cheibrodos_helix_gallery, layout_rooms, minmay_temple_entry_overgrown
Temple:   hellmonk_temple_flake

Skill      XL: |  1  2  3  4  5  6 |
---------------+-------------------+-----
Staves         | 1 2 3 |  3.6
Spellcasting   | 1 2 |  2.6
Fighting       | 2 3 4 |  4.0
Evocations     | 3 |  3.3
Dodging        | 3 |  3.3
Invocations    | 1 |  1.0
Maces & Flails | |  0.8
Stealth        | |  0.6

Action                     |  1- 3 |  4- 6 |  7- 9 || total
---------------------------+-------+-------+-------++-------
  Melee: Club              |    57 |       |       ||    57
         Dagger            |    68 |   265 |       ||   333
         Punch             |       |     2 |       ||     2
         Short sword       |       |    51 |       ||    51
         Giant spiked club |       |    38 |     5 ||    43
  Throw: Boomerang         |       |     4 |       ||     4
  Evoke: Wand              |     6 |       |       ||     6
    Use: Scroll            |     1 |     2 |       ||     3
         Potion            |     1 |     5 |     6 ||    12
   Stab: Sleeping          |     1 |     2 |       ||     3
 Armour: Robe              |    32 |    90 |     7 ||   129
         Skin              |       |    20 |       ||    20
  Dodge: Dodged            |    66 |   220 |     6 ||   292
